 Dungeon Crawl Stone Soup version 0.20.0 (webtiles) character file.

167 Llamajah the Shield-Bearer (level 5, -5/42 HPs)
             Began as a Formicid Fighter on June 15, 2017.
             Slain by an orc warrior
             ... wielding a +0 halberd
              (15 damage)
             ... on level 3 of the Dungeon.
             The game lasted 00:05:32 (2342 turns).

Llamajah the Shield-Bearer (Formicid Fighter)       Turns: 2342, Time: 00:05:33

Health: -5/42      AC:  7    Str: 22    XL:     5   Next: 76%
Magic:  5/5        EV: 10    Int:  7    God:
Gold:   58         SH:  9    Dex: 10    Spells: 4/4 levels left

rFire    . . .     SeeInvis +   a - +0 war axe
rCold    . . .     Gourm    .   c - +0 shield
rNeg     . . .     Faith    .   b - +0 scale mail
rPois    .         Spirit   .   (helmet unavailable)
rElec    .         Reflect  .   (no cloak)
rCorr    .         Harm     .   (no gloves)
MR       .....                  (no boots)
Stlth    +.........             (no amulet)
Regen    0.2/turn               e - +2 ring of evasion
MPRegen  0.1/turn               j - ring of stealth

@: no status effects
A: permanent stasis, dig shafts and tunnels, four strong arms, antennae 3
a: Dig, Shaft Self


You were on level 3 of the Dungeon.
You were not hungry.

You visited 1 branch of the dungeon, and saw 3 of its levels.

You collected 58 gold pieces.

Inventory:

Hand Weapons
 a - a +0 war axe (weapon)
Armour
 b - a +0 scale mail (worn)
 c - a +0 shield (worn)
Jewellery
 e - a +2 ring of evasion (left hand)
 j - a ring of stealth (right hand)
Scrolls
 g - 3 scrolls of remove curse {unknown}
 h - a scroll of enchant weapon {unknown}
 i - 3 scrolls of identify {unknown}
 k - a scroll of teleportation {unknown}
 l - a scroll of blinking {unknown}
 m - a scroll of magic mapping {unknown}
Potions
 d - a potion of might
 o - a potion of brilliance {unknown}
Comestibles
 f - 2 bread rations
 n - 3 chunks of flesh


   Skills:
 + Level 4.1 Fighting
 * Level 3.6 Axes
 + Level 4.0 Armour
 + Level 1.0 Dodging
 + Level 4.5 Shields


You had 4 spell levels left.
You didn't know any spells.

Dungeon Overview and Level Annotations

Branches:
Dungeon (3/15)

Altars:
Fedhas
Nemelex Xobeh


Innate Abilities, Weirdness & Mutations

You cannot be hasted, slowed, berserked, paralysed or teleported.
You can dig through walls and to a lower floor.
Your four strong arms can wield two-handed weapons with a shield.
You have a pair of large antennae on your head. (SInv)


Message History

You kill the orc!
The orc warrior hits you with a halberd!
You slash the orc warrior!
The orc warrior is moderately wounded.
The orc warrior hits you with a halberd.
You closely miss the orc warrior.
The orc warrior is moderately wounded.
The orc warrior hits you with a halberd!
* * * LOW HITPOINT WARNING * * *
You block the orc warrior's attack.
You barely miss the orc warrior.
The orc warrior is moderately wounded.
The orc warrior barely misses you.
You barely miss the orc warrior.
The orc warrior is moderately wounded.
You block the orc warrior's attack.
You closely miss the orc warrior.
The orc warrior is moderately wounded.
The orc warrior hits you with a halberd!
You die...

###.... .>.....
....... . ......#
.o ########.....#
... .............##
#..####...o......#
##........)@.......
.......)..)########
.......%..##
........#.#
............
.......##.###
....... ... .......
.... ....... #....


You could see an orc warrior.

Vanquished Creatures
  3 gnolls (D:2)
  8 adders
  An ooze (D:1)
  A worm (D:2)
  5 dart slugs
  3 orcs (D:3)
  A ball python (D:2)
  2 giant cockroaches
  5 goblins
  5 hobgoblins
  6 kobolds
  3 bats
  5 frilled lizards
  5 rats
53 creatures vanquished.

Notes
Turn   | Place    | Note
-------+----------+-------------------------------------------
     0 | D:1      | Llamajah the Formicid Fighter began the quest for the Orb.
     0 | D:1      | Reached XP level 1. HP: 18/18 MP: 1/1
    99 | D:1      | Reached XP level 2. HP: 23/24 MP: 2/2
   299 | D:1      | Found a sparkling altar of Nemelex Xobeh.
   457 | D:1      | Reached XP level 3. HP: 22/29 MP: 3/3
   982 | D:2      | Reached XP level 4. HP: 35/35 MP: 4/4
  1415 | D:2      | Found a blossoming altar of Fedhas.
  1469 | D:2      | Reached XP level 5. HP: 22/42 MP: 5/5
  2157 | D:2      | Reached skill level 1 in Dodging
  2305 | D:3      | Noticed an orc warrior
  2342 | D:3      | Slain by an orc warrior

Skill      XL: |  1  2  3  4  5 |
---------------+----------------+-----
Shields        | 4 |  4.5
Armour         | 4 |  4.0
Axes           | 3 |  3.6
Dodging        | 1 |  1.0
Fighting       | 4 |  4.1

Action                   |  1- 3 |  4- 6 || total
-------------------------+-------+-------++-------
Melee: War axe           |   115 |   115 ||   230
  Eat: Chunk             |       |     5 ||     5
Armor: Scale mail        |    36 |    40 ||    76
Dodge: Dodged            |    47 |    66 ||   113
Block: Shield            |    61 |    67 ||   128
